 Dungeon Crawl Stone Soup version 0.18.1-48-g4cf74bf (webtiles) character file.

7907 Antonin the Fighter (level 11, -3/72 HPs)
             Began as a Gargoyle Fighter on Aug 30, 2016.
             Was a Believer of Ashenzari.
             Slain by a cyclops (27 damage)
             ... on level 11 of the Dungeon.
             The game lasted 00:57:18 (10690 turns).

Antonin the Fighter (Gargoyle Fighter)             Turns: 10690, Time: 00:57:18

Health: -3/72      AC: 16    Str: 22    XL:     11   Next: 22%
Magic:  20/20      EV:  9    Int:  9    God:    Ashenzari [**....]
Gold:   665        SH: 11    Dex: 10    Spells: 0 memorised, 10 levels left

rFire  + . .     SeeInvis +     e - +6 flail "Nuobb" {elec, rPois rF+ MR+} (curse)
rCold  + + .     Gourm    .     t - +3 scale mail {rC+}
rNeg   + . .     Faith    .     c - +0 shield
rPois  ∞         Spirit   .     (no helmet)
rElec  +         Dismiss  .     (no cloak)
rCorr  +         Reflect  .     h - -4 pair of gloves of the Griffon {rCorr} (curse)
SustAt .         Harm     .     (no boots)
MR     +....                    C - amulet of rage (curse)
Stlth  ..........               z - ring "Nuaxuusm" {rElec rC+ MP+9} (curse)
                                m - ring of see invisible

@: somewhat resistant to hostile enchantments, extremely unstealthy
A: negative energy resistance 1, electricity resistance, unbreathing,
petrification resistance, rot immunity, AC +7
a: Curse Item, Scrying, Renounce Religion, Evoke Berserk Rage


You were on level 11 of the Dungeon.
You worshipped Ashenzari.
Ashenzari was pleased with you.
You were not hungry.

You visited 2 branches of the dungeon, and saw 12 of its levels.
You also visited: Sewer and Bailey.

You collected 665 gold pieces.

Inventory:

Hand Weapons
 e - the cursed +6 flail "Nuobb" (weapon) {elec, rPois rF+ MR+}
   (You found it on level 9 of the Dungeon)

   Occasionally, upon striking a foe, it will discharge some electrical energy
   and cause terrible harm.
   It protects you from fire.
   It protects you from poison.
   It affects your resistance to hostile enchantments.
   It has a curse placed upon it.
Armour
 c - a +0 shield (worn)
 h - the cursed -4 pair of gloves of the Griffon (worn) {rCorr}
   (You found it on level 11 of the Dungeon)

   It protects you from acid and corrosion.
   It has a curse placed upon it.
 t - a +3 scale mail of cold resistance (worn)
 P - a +2 pair of gloves
Jewellery
 l - an uncursed amulet of magic regeneration
 m - a ring of see invisible (left hand)
 v - an uncursed ring of protection from magic
 z - the cursed ring "Nuaxuusm" (right hand) {rElec rC+ MP+9}
   (You found it on level 4 of the Dungeon)

   [ring of magical power]

   It protects you from cold.
   It insulates you from electricity.
   It affects your magic capacity (+9).
   It has a curse placed upon it.
 C - a cursed amulet of rage (around neck)
 E - an uncursed amulet of guardian spirit
Wands
 k - a wand of disintegration (13/24)
 s - a wand of random effects (16/48)
 D - a wand of random effects (8/48)
 F - a wand of iceblast (1/15)
 J - a wand of iceblast (2/15)
Scrolls
 d - 7 scrolls of magic mapping
 g - 5 scrolls of fog
 i - 7 scrolls of teleportation
 n - 4 scrolls of blinking
 p - a scroll of immolation {unknown}
 q - 5 scrolls of fear
 u - a scroll of random uselessness {unknown}
 w - 5 scrolls of recharging
 B - 2 scrolls of amnesia {unknown}
 M - a scroll of enchant weapon {unknown}
 O - a scroll of torment {unknown}
 R - a scroll of vulnerability {unknown}
Potions
 a - 2 potions of heal wounds
 b - 3 potions of cure mutation
 o - 3 potions of haste
 A - 8 potions of curing
 G - 2 potions of cancellation
 H - a potion of agility {unknown}
 K - a potion of invisibility {unknown}
 L - 4 potions of might
 N - 5 potions of magic
 Q - 3 potions of flight
Books
 I - a book of the Sky

   Spells                             Type                      Level
   a - Summon Lightning Spire         Summoning/Air                4
   b - Airstrike                      Air                          4
   c - Silence                        Hexes/Air                    5
   d - Deflect Missiles               Charms/Air                   6
   e - Conjure Ball Lightning         Conjuration/Air              6
   f - Tornado                        Air                          9
Comestibles
 f - 4 bread rations
 r - 12 royal jellies
 x - 3 meat rations


   Skills:
 + Level 10.1 Fighting
 + Level 8.8(11.0) Maces & Flails
 + Level 9.9 Armour
 + Level 9.7 Shields


You had 10 spell levels left.
You didn't know any spells.

Dungeon Overview and Level Annotations

Branches:
Dungeon (11/15)            Temple (1/1) D:7            Lair (0/8) D:9
    Orc (0/2) D:9

Altars:
Ashenzari
Cheibriados
Dithmenos
Elyvilon
Fedhas
Gozag
Kikubaaqudgha
Makhleb
Nemelex Xobeh
Okawaru
Pakellas
Qazlal
Ru
Sif Muna
Trog
Vehumet
Xom
Yredelemnul
Zin
The Shining One

Shops:
D:6 }   D:7 }=!(%


Innate Abilities, Weirdness & Mutations

You are resistant to torment.
Your stone body is resilient (AC +7).
You are immune to poison.
You resist negative energy.
You are resistant to electric shocks.
You can survive without breathing.
You are immune to petrification.
You are immune to rotting.


Message History

an orc skeleton A cyclops comes into view.
The cyclops throws a large rock.
You block the large rock.
Items here: ( )) [[ a large rock; a +0 mace; an uncursed scale mail; a +0 dagger; an uncursed robe The cyclops throws a large rock.
You block the large rock.
You see here a large rock.
The cyclops throws a large rock.
The large rock hits you!!
You see here a large rock.
The cyclops throws a large rock.
The large rock hits you!!
You see here a large rock.
You hit the cyclops.
The cyclops is lightly wounded.
You thump the cyclops!
The cyclops is moderately wounded.
The cyclops completely misses you.
You sock the cyclops!
The cyclops is heavily wounded.
The cyclops hits you!!
You die...

, ,,, ,
................ ,
,
.....#..........,
,,
....###......... ,
, ...#####........
....###.........
,, ,
.....#.......... *
................#
,,
......C@(......##
*, ,
................#
,
........(........
,
........(...>....
, ,
.................,
,
.......)(÷.......
,
.......).<.......
.................
,
........÷!.......


You could see a cyclops.

Vanquished Creatures
  An ugly thing (D:11)
  Psyche (D:9)
  The ghost of Mellonil the Ruffian, an amateur TrMo (D:4)
  2 trolls
  A two-headed ogre (D:9)
  Grinder (D:3)
  Sigmund (D:3)
  A wyvern (D:9)
  Grum (D:11)
  A hippogriff (D:8)
  2 wargs (D:9)
  Duvessa (D:6)
  Edmund (D:4)
  10 orc warriors
  2 ice beasts (D:7)
  2 sky beasts
  A wasp (D:8)
  4 centaurs
  4 ogres
  2 wolves (D:11)
  A big kobold (D:10)
  9 giant frogs
  A wyvern zombie (D:8)
  Blork the orc (D:6)
  Dowan (D:6)
  3 wights (D:6)
  2 howler monkeys (D:8)
  5 crimson imps
  5 hounds
  3 quasits
  2 giant frog skeletons
  2 giant frog zombies (D:9)
  4 jellies (D:8)
  6 orc wizards
  5 orc priests
  4 iguanas
  Jessica (D:3)
  Ijyb (D:3)
  Terence (D:3)
  2 worker ants
  A killer bee zombie (D:8)
  3 hound skeletons
  2 howler monkey zombies
  A worker ant zombie (D:8)
  4 gnolls (D:4)
  22 adders
  5 river rats (Sewer)
  5 shadow imps
  7 oozes
  An adder skeleton (D:5)
  An adder zombie (D:8)
  3 worms (D:2)
  A dart slug (D:2)
  5 giant geckos
  36 orcs
  14 ball pythons
  2 giant cockroaches
  13 goblins
  8 hobgoblins
  11 jackals
  18 kobolds
  2 quokkas
  7 bats
  2 giant gecko skeletons
  3 giant newts
  A jackal zombie (D:6)
  25 rats
302 creatures vanquished.

Vanquished Creatures (others)
  A hydra (D:2)
  A goblin (D:10)
2 creatures vanquished.

Grand Total: 304 creatures vanquished

Notes
Turn   | Place    | Note
--------------------------------------------------------------
     0 | D:1      | Antonin the Gargoyle Fighter began the quest for the Orb.
     0 | D:1      | Reached XP level 1. HP: 14/14 MP: 1/1
   221 | D:1      | Reached XP level 2. HP: 19/19 MP: 2/2
   914 | D:2      | Reached XP level 3. HP: 21/23 MP: 3/3
  1024 | D:2      | Found a faded altar to an unknown god.
  1055 | D:2      | Reached skill level 4 in Fighting
  1055 | D:2      | Reached XP level 4. HP: 29/29 MP: 4/4
  1305 | D:2      | Found an oddly glowing altar of Pakellas.
  1305 | D:2      | Noticed a four-headed hydra
  1320 | D:2      | Killed a four-headed hydra
  1611 | D:3      | Noticed Grinder
  1616 | D:3      | Reached XP level 5. HP: 29/33 MP: 5/5
  1630 | D:3      | Paralysed by Grinder for 6 turns
  1646 | D:3      | Killed Grinder
  1646 | D:3      | Reached XP level 6. HP: 29/40 MP: 6/6
  1792 | D:3      | Noticed Terence
  1801 | D:3      | Noticed Jessica
  1813 | D:3      | Killed Terence
  1813 | D:3      | Reached skill level 5 in Fighting
  1817 | D:3      | Killed Jessica
  2037 | D:3      | Noticed Sigmund
  2051 | D:3      | Reached skill level 5 in Shields
  2062 | D:3      | Killed Sigmund
  2062 | D:3      | Reached skill level 5 in Armour
  2062 | D:3      | Reached XP level 7. HP: 40/44 MP: 7/7
  2162 | D:3      | Noticed Ijyb
  2176 | D:3      | Killed Ijyb
  2694 | D:4      | Noticed Edmund
  2724 | D:4      | Killed Edmund
  2929 | D:4      | Noticed Mellonil's ghost (amateur TrMo)
  2943 | D:4      | Killed Mellonil's ghost
  2943 | D:4      | Reached skill level 6 in Fighting
  2943 | D:4      | Reached XP level 8. HP: 35/52 MP: 8/8
  3071 | D:4      | Got a coiled tin ring
  3318 | D:4      | Reached skill level 5 in Maces & Flails
  3542 | D:5      | Entered Level 5 of the Dungeon
  3632 | D:5      | Identified the ring "Nuaxuusm" {rElec rC+ MP+9} (You found it on level 4 of the Dungeon)
  3650 | D:5      | Found an oddly glowing altar of Pakellas.
  4034 | D:6      | Found a shimmering altar of Xom.
  4079 | D:6      | Noticed Blork the orc
  4092 | D:6      | Killed Blork the orc
  4248 | D:6      | Reached skill level 7 in Fighting
  4263 | D:6      | Reached XP level 9. HP: 56/57 MP: 9/9
  4282 | D:6      | Found a glowing drain.
  4299 | Sewer    | Entered a sewer
  4908 | D:6      | Found Saeth's Gadget Shop.
  4909 | D:6      | Noticed Duvessa
  4909 | D:6      | Noticed Dowan
  4913 | D:6      | Killed Dowan
  4926 | D:6      | Killed Duvessa
  5554 | D:7      | Found Noeraq's Weapon Emporium.
  5620 | D:7      | Reached skill level 8 in Fighting
  5689 | D:7      | Found Oxirchoki's Food Shop.
  5808 | D:7      | Found an ancient bone altar of Kikubaaqudgha.
  5809 | D:7      | Found a stormy altar of Qazlal.
  5839 | D:7      | Found Laeghij's Distillery.
  6009 | D:7      | Found a staircase to the Ecumenical Temple.
  6015 | Temple   | Entered the Ecumenical Temple
  6115 | Temple   | Became a worshipper of Ashenzari the Shackled
  6298 | D:7      | Found Yseytuno's Jewellery Shoppe.
  6395 | D:7      | Reached XP level 10. HP: 61/65 MP: 10/10
  6433 | D:7      | Found Dubo's Gadget Shop.
  6852 | D:8      | Found a flagged portal.
  6974 | Bailey   | Entered a bailey
  6981 | Bailey   | Noticed an orc knight
  6987 | Bailey   | Noticed an orc knight
  7030 | Bailey   | Noticed an orc knight
  7727 | D:8      | Reached skill level 9 in Fighting
  8370 | D:9      | Got the flail "Nuobb" {elec, rPois rF+ MR+}
  8371 | D:9      | Identified the +6 flail "Nuobb" {elec, rPois rF+ MR+} (You found it on level 9 of the Dungeon)
  8400 | D:9      | Noticed Psyche
  8406 | D:9      | Killed Psyche
  8427 | D:9      | Reached * piety under Ashenzari
  8603 | D:9      | Found a staircase to the Orcish Mines.
  8873 | D:9      | Found a staircase to the Lair.
  9746 | D:10     | Entered Level 10 of the Dungeon
  9784 | D:10     | Reached XP level 11. HP: 70/72 MP: 11/11
  9923 | D:10     | Reached ** piety under Ashenzari
 10030 | D:10     | Reached skill level 10 in Fighting
 10386 | D:11     | Noticed Grum
 10388 | D:11     | Got the cursed pair of gloves of the Griffon {rCorr}
 10400 | D:11     | Killed Grum
 10401 | D:11     | Noticed a brown ugly thing
 10417 | D:11     | Killed a brown ugly thing
 10679 | D:11     | Identified the cursed -4 pair of gloves of the Griffon {rCorr} (You found it on level 11 of the Dungeon)
 10681 | D:11     | Noticed a cyclops
 10690 | D:11     | Slain by a cyclops

Skill      XL: |  1  2  3  4  5  6  7  8  9 10 11 |
---------------+----------------------------------+-----
Fighting       | 4 5 6 7 8 9 10 | 10.1
Shields        | 4 5 6 8 9 |  9.7
Maces & Flails | 3 4 5 7 8 |  8.8
Armour         | 4 5 6 8 9 |  9.9

Action                   |  1- 3 |  4- 6 |  7- 9 | 10-12 || total
-------------------------+-------+-------+-------+-------++-------
Melee: Flail             |   115 |   190 |   613 |   329 ||  1247
Throw: Tomahawk          |       |       |       |    19 ||    19
Invok: Curse Item        |       |       |     2 |     1 ||     3
  Use: Potion            |       |     2 |       |       ||     2
       Scroll            |       |       |       |    13 ||    13
  Eat: Chunk             |     1 |     3 |    13 |     7 ||    24
       Pizza             |       |       |     2 |       ||     2
       Meat ration       |       |       |       |     1 ||     1
       Beef jerky        |       |       |       |     1 ||     1
Armor: Scale mail        |    69 |   120 |   500 |   184 ||   873
Dodge: Dodged            |    29 |    70 |   278 |   108 ||   485
Block: Shield            |    70 |   109 |   517 |   202 ||   898
